 Dungeon Crawl Stone Soup version bcrawl-1.19.2-6-g6a88ae04c9 (webtiles) character file.

Game seed: 9498331028652264064

1579 Mrkan the Carver (level 8, 0/71 HPs)
             Began as a Minotaur Fighter on Jan 7, 2020.
             Was a Follower of Zin.
             Slain by a two-headed ogre
             ... wielding a +0 giant club
              (8 damage)
             ... on level 6 of the Dungeon.
             The game lasted 00:08:41 (5327 turns).

Mrkan the Carver (Minotaur Fighter)                 Turns: 5327, Time: 00:08:42

Health: 0/71       AC: 14    Str: 21    XL:     8   Next: 60%
Magic:  7/7        EV:  5    Int:  5    God:    Zin [*.....]
Gold:   306        SH: 13    Dex: 12    Spells: 7/7 levels left

rFire    . . .     SeeInvis .   a - +0 long sword
rCold    . . .     Gourm    .   c - +0 shield
rNeg     . . .     Faith    .   e - +0 plate armour
rPois    .         Spirit   .   (helmet restricted)
rElec    .         Reflect  .   C - +0 cloak
rCorr    .         Harm     .   (no gloves)
MR       .....                  (no boots)
Stlth    ..........             (no amulet)
HPRegen  0.21/turn              (no ring)
MPRegen  0.10/turn              (no ring)

@: no status effects
A: retaliatory headbutt, horns 2
a: Recite, Donate Gold, Renounce Religion


You were on level 6 of the Dungeon.
You worshipped Zin.
Zin was aware of your devotion.
You were not hungry.

You visited 2 branches of the dungeon, and saw 7 of its levels.

You collected 340 gold pieces.
You donated 34 gold pieces to Zin.

Inventory:

Hand Weapons
 a - a +0 long sword (weapon)
Armour
 c - a +0 shield (worn)
 e - a +0 plate armour (worn)
 C - a +0 cloak (worn)
Jewellery
 g - a +2 ring of intelligence {unknown}
 o - an uncursed ring of wizardry {unknown}
 r - an uncursed amulet of guardian spirit {unknown}
 z - a +3 ring of evasion {unknown}
 A - the amulet "Foumneow" {+Rage Int+3, unknown}
   (You found it on level 5 of the Dungeon)

   [amulet of rage]

   It affects your intelligence (+3).
   It lets you go berserk.
 B - an uncursed ring of fire {unknown}
 D - an uncursed ring of fire {unknown}
Wands
 q - a wand of polymorph (4)
 w - a wand of digging (11)
Scrolls
 b - 3 scrolls of remove curse
 m - 5 scrolls of identify {unknown}
 n - 3 scrolls of teleportation {unknown}
 s - 2 scrolls of magic mapping {unknown}
 t - 2 scrolls of enchant weapon {unknown}
 u - a scroll of amnesia {unknown}
 v - a scroll of fog {unknown}
 y - a scroll of enchant armour {unknown}
Potions
 d - a potion of might
 h - 3 potions of brilliance {unknown}
 i - a potion of flight {unknown}
 j - 5 potions of haste {unknown}
 k - 3 potions of agility {unknown}
 l - 3 potions of curing {unknown}
 p - 2 potions of ambrosia {unknown}
 x - a potion of degeneration {unknown}
Comestibles
 f - 8 rations {!d}


   Skills:
 + Level 6.8 Fighting
 * Level 8.6 Long Blades
 + Level 6.8 Armour
 + Level 6.8 Shields


You had 7 spell levels left.
You didn't know any spells.
Your spell library was empty.

Dungeon Overview and Level Annotations

Branches:
Dungeon (6/12)             Temple (1/1) D:4

Altars:
Cheibriados
Dithmenos
Elyvilon
Fedhas
Gozag
Hepliaklqana
Kikubaaqudgha
Makhleb
Nemelex Xobeh
Okawaru
Qazlal
Ru
Sif Muna
Trog
Vehumet
Wu Jian
Yredelemnul
Zin
The Shining One

Annotations:
D:3 Jessica
D:5 1 runed translucent door, MisterOstroum's ghost, novice VSRg


Innate Abilities, Weirdness & Mutations

You reflexively headbutt those who attack you in melee.
You have a pair of horns on your head.


Message History

The two-headed ogre is lightly wounded.
Your plate armour prevents you from hitting the two-headed ogre.
Your headbutt misses the two-headed ogre.
The two-headed ogre is lightly wounded.
The two-headed ogre hits you with a +0 giant club!
The two-headed ogre hits you with a +0 giant club!!
You closely miss the two-headed ogre.
The two-headed ogre is lightly wounded.
The two-headed ogre hits you with a +0 giant club!!
* * * LOW HITPOINT WARNING * * *
The two-headed ogre hits you with a +0 giant club.
* * * LOW HITPOINT WARNING * * *
You hit the two-headed ogre.
You headbutt the two-headed ogre, but do no damage.
The two-headed ogre is moderately wounded.
You hit the two-headed ogre but do no damage.
Your headbutt misses the two-headed ogre.
The two-headed ogre is moderately wounded.
The two-headed ogre hits you with a +0 giant club!
You die...

... ##... #....#
#.....### #......##
#......## ###
.##.......####...##
..........#.......##
....$.O@.#..###^....
.........#..>#......
.....##.........#
.#.. #..##.<...# ##
##..#..#### ##....#
#....#. #.....#..
..........


You could see a two-headed ogre.

Vanquished Creatures
  Pikel (D:5)
  Sigmund (D:5)
  3 yaks (D:5)
  A sky beast (D:5)
  A slave (D:5)
  2 ogres
  A bullfrog (D:5)
  A scorpion (D:5)
  2 crimson imps (D:4)
  2 hounds
  An iguana (D:4)
  A bullfrog skeleton (D:5)
  4 adders
  2 dart slugs
  7 leopard geckos
  2 orcs (D:3)
  3 giant cockroaches
  8 goblins
  7 hobgoblins
  9 jackals
  4 quokkas
  A ball python (D:5)
  4 bats
  6 frilled lizards
  5 kobolds
  A quokka zombie (D:6)
  4 rats (D:1)
84 creatures vanquished.

Vanquished Creatures (others)
  A slave (D:5)
  An adder skeleton (D:5)
2 creatures vanquished.

Grand Total: 86 creatures vanquished

Notes
Turn   | Place    | Note
-------+----------+-------------------------------------------
     0 | D:1      | Mrkan the Minotaur Fighter began the quest for the Orb.
     0 | D:1      | Reached XP level 1. HP: 19/19 MP: 0/0
   111 | D:1      | Reached XP level 2. HP: 25/27 MP: 1/1
   173 | D:1      | Reached skill level 3 in Long Blades
   480 | D:1      | Reached XP level 3. HP: 31/33 MP: 2/2
  1539 | D:3      | Reached XP level 4. HP: 26/40 MP: 3/3
  1781 | D:3      | Found an iron altar of Okawaru.
  1893 | D:3      | Reached skill level 4 in Long Blades
  2142 | D:3      | Noticed Jessica
  2157 | D:3      | Noticed Jessica
  2157 | D:3      | Jessica changed into Jessica the jackal
  2170 | D:3      | Found a shimmering blue altar of Sif Muna.
  2564 | D:4      | Reached XP level 5. HP: 47/47 MP: 4/4
  2598 | D:4      | Found a staircase to the Ecumenical Temple.
  2598 | D:4      | Noticed an ogre
  2618 | D:4      | Killed an ogre
  2618 | D:4      | Reached skill level 5 in Long Blades
  2621 | D:4      | Reached XP level 6. HP: 15/55 MP: 5/5
  2833 | D:4      | Reached skill level 5 in Fighting
  2833 | D:4      | Reached skill level 5 in Shields
  3262 | Temple   | Entered the Ecumenical Temple
  3566 | Temple   | Became a worshipper of Zin the Law-Giver
  3566 | Temple   | Reached * piety under Zin
  3656 | D:5      | Entered Level 5 of the Dungeon
  3725 | D:5      | Noticed a sky beast
  3759 | D:5      | Killed a sky beast
  3759 | D:5      | Reached skill level 5 in Armour
  3791 | D:5      | Reached skill level 6 in Long Blades
  4019 | D:5      | Reached XP level 7. HP: 61/61 MP: 6/6
  4050 | D:5      | Noticed a yak
  4051 | D:5      | Noticed a yak
  4052 | D:5      | Noticed a yak
  4080 | D:5      | Killed a yak
  4088 | D:5      | Killed a yak
  4088 | D:5      | Reached skill level 7 in Long Blades
  4092 | D:5      | Killed a yak
  4335 | D:5      | Reached ** piety under Zin
  4556 | D:5      | Found a runed translucent door.
  4559 | D:5      | Noticed Pikel
  4579 | D:5      | Killed Pikel
  4579 | D:5      | Reached skill level 8 in Long Blades
  4579 | D:5      | Reached XP level 8. HP: 57/71 MP: 7/7
  4631 | D:5      | Noticed MisterOstroum's ghost (novice VSRg)
  4634 | D:5      | Got a transparent sapphire amulet
  4677 | D:5      | Noticed Ijyb
  4729 | D:5      | Noticed Sigmund
  4745 | D:5      | Killed Sigmund
  5318 | D:6      | Noticed a two-headed ogre
  5327 | D:6      | Slain by a two-headed ogre

Skill      XL: |  1  2  3  4  5  6  7 |
---------------+----------------------+-----
Long Blades    | 3 4 5 6 8 |  8.6
Fighting       | 4 5 6 |  6.8
Shields        | 4 5 6 |  6.8
Armour         | 4 5 6 |  6.8

Action                   |  1- 3 |  4- 6 |  7- 9 || total
-------------------------+-------+-------+-------++-------
Melee: Long sword        |   133 |   143 |    85 ||   361
       Headbutt          |    20 |    28 |    23 ||    71
Evoke: Wand              |       |     1 |       ||     1
  Use: Scroll            |       |     1 |       ||     1
  Eat: Chunk             |     2 |     5 |     1 ||     8
       Ration            |       |     1 |     1 ||     2
Armor: Plate armour      |    78 |    67 |    21 ||   166
Dodge: Dodged            |    19 |    15 |     5 ||    39
Block: Shield            |    72 |    61 |    30 ||   163
